 Dungeon Crawl Stone Soup version 0.32-a0-7-ge934b4519a (webtiles) character file.

Game seed: 17728474613205529134

212 Ofeo the Shooter (level 5, -6/49 HPs)
             Began as a Naga Hunter on Jan 13, 2024.
             Mangled by a scorpion (7 damage)
             ... on level 3 of the Dungeon.
             The game lasted 00:02:52 (1910 turns).

Ofeo the Shooter (Naga Hunter)                      Turns: 1910, Time: 00:02:53

Health: -6/49      AC:  3    Str: 13    XL:     5   Next: 90%
Magic:  5/5        EV: 10    Int:  9    God:
Gold:   104        SH:  0    Dex: 17    Spells: 4/4 levels left

rFire   . . .        a - +0 shortbow
rCold   . . .        (shield currently unavailable)
rNeg    . . .        c - +0 leather armour
rPois   +            (no helmet)
rElec   .            (no cloak)
rCorr   .            (no gloves)
SInv    +            (no barding)
Will    +....        (no amulet)
Stlth   +++          g - ring of willpower
HPRegen 0.28/turn    (no ring)
MPRegen 0.09/turn

%: no passive effects
@: mighty, lethally poisoned (-6 -> -10), short of breath, invisible, very slow
A: AC +1, large, see invisible, deformed body, poison resistance, slowness 2,
spit poison 1, naga tail 1
a: Spit Poison


You were on level 3 of the Dungeon.
You visited 1 branch of the dungeon, and saw 3 of its levels.

You collected 104 gold pieces.

Inventory:

Hand Weapons
 a - a +0 shortbow (weapon)
Armour
 c - a +0 leather armour (worn)
Jewellery
 e - a ring of protection from fire
 g - a ring of willpower (left hand)
 j - a ring of fire
Scrolls
 b - a scroll of butterflies
 h - a scroll of revelation
 i - a scroll of identify {@r1}
Potions
 l - a potion of mutation {unknown}
 m - a potion of might {@q4}


   Skills:
 + Level 3.1 Fighting
 * Level 4.9 Ranged Weapons
 + Level 2.5 Dodging
 + Level 4.1 Stealth


You had 4 spell levels left.
You didn't know any spells.
Your spell library contained the following spells:

 Spells                   Type           Power      Damage    Failure   Level
 Ensorcelled Hibernation  Hex/Ice        0%         N/A       61%         2
 Passwall                 Erth           0%         N/A       83%         3
 Swiftness                Air            0%         N/A       83%         3


Dungeon Overview and Level Annotations

Branches:
Dungeon (3/15)

Altars:


Innate Abilities, Weirdness & Mutations

Your serpentine skin is tough. (AC +1)
You have supernaturally acute eyesight. (SInv)
Armour fits poorly on your strangely shaped body.
Your system is resistant to poisons. (rPois)
You cover ground very slowly.
You can spit poison.
You have a snake-like lower body.


Message History

The scorpion is lightly wounded.
You shoot an arrow. The arrow hits the scorpion.
The scorpion is heavily wounded.
The scorpion stings you. x2
You take 12 damage, and have 37/49 hp.
MASSIVE DAMAGE!!
You shoot an arrow. The arrow barely misses the scorpion.
The scorpion stings you.
You are poisoned.
The scorpion poisons you!
You take 4 damage, and have 33/49 hp.
You shoot an arrow. The arrow hits the scorpion.
The scorpion is heavily wounded.
You feel very sick. The scorpion stings you. x2
You take 12 damage, and have 21/49 hp.
MASSIVE DAMAGE!!
You shoot an arrow. The arrow closely misses the scorpion.
You feel sick. The scorpion stings you.
* * * LOW HITPOINT WARNING * * *
You take 7 damage, and have 14/49 hp.
Aiming: Spit Poison (1% risk of failure)
Press: ? - help, Shift-Dir - straight line, f/p - scorpion
Aim: a scorpion (heavily wounded, 59% to hit)
The splash of poison hits the scorpion but does no damage.
The scorpion is poisoned.
The scorpion is heavily wounded.
You feel sick. The scorpion stings you.
* * * LOW HITPOINT WARNING * * *
You take 8 damage, and have 6/49 hp.
It was a potion of invisibility.
You fade into invisibility!
You feel sick.
The scorpion stings you but does no damage.
You take 1 damage, and have 5/49 hp.
It was a potion of might.
You feel very mighty all of a sudden.
m - a potion of might You feel sick.
The scorpion stings you.
* * * LOW HITPOINT WARNING * * *
The scorpion stings you!
You die...

#########
##.......###
..........
#.......### #.
#............#
#.s.?...# ....
#$@.....##..#
#.$.........
##.?.....#.
#.......#
#....<..#
#.........#
#.......###
#.......#
#..)....#


You could see a scorpion (unable to see you, poisoned).

Vanquished Creatures
  Sigmund (D:2)
  A dart slug (D:1)
  A ribbon worm (D:2)
  4 ball pythons
  4 bats
  7 endoplasms
  5 goblins
  5 hobgoblins
  12 jackals
  3 kobolds
  2 quokkas
  2 frilled lizards (D:1)
  5 rats
52 creatures vanquished.

Notes
Turn   | Place    | Note
-------+----------+-------------------------------------------
     0 | D:1      | Ofeo the Naga Hunter began the quest for the Orb.
     0 | D:1      | Reached XP level 1. HP: 19/19 MP: 1/1
    58 | D:1      | Reached XP level 2. HP: 23/26 MP: 2/2
   440 | D:1      | Reached XP level 3. HP: 32/32 MP: 3/3
  1081 | D:2      | Noticed Sigmund
  1280 | D:2      | Killed Sigmund
  1281 | D:2      | Reached XP level 4. HP: 29/42 MP: 4/4
  1281 | D:2      | Reached XP level 5. HP: 34/49 MP: 5/5
  1473 | D:2      | Found a faded altar of an unknown god.
  1910 | D:3      | HP: 1/49 [scorpion (4)]
  1910 | D:3      | Mangled by a scorpion

Illustrated notes

Levels and vault maps discovered:
D:1:      dpeg_arrival_rooms_c, layout_basic, hangedman_decor_points,
          st_stairs_6
D:2:      layout_loops_cross, hellmonk_ecumenical_altar_heavens_door,
          uniq_sigmund
D:3:      layout_loops_cross, yredelemnul_forgotten_temple_becter,
          minmay_statues_item, uniq_natasha

Skill      XL: |  1  2  3  4  5 |
---------------+----------------+-----
Stealth        | 2 3 4 |  4.1
Ranged Weapons | 4 |  4.9
Fighting       | 3 |  3.1
Dodging        | 2 |  2.5

Action                     |  1- 3 |  4- 6 || total
---------------------------+-------+-------++-------
   Fire: Shortbow          |   108 |    59 ||   167
Ability: Spit Poison       |     6 |     1 ||     7
    Use: Potion            |     2 |     2 ||     4
         Scroll            |     2 |     1 ||     3
 Armour: Leather armour    |    44 |    20 ||    64
  Dodge: Dodged            |    36 |    11 ||    47

Table legend: (Time is in decaauts)
 A = Elapsed time spent in this place.
 B = Non-inter-level travel time spent in this place.
 C = Inter-level travel time spent in this place.
 D = Time resting spent in this place.
 E = Time spent auto-exploring this place.
 F = Levels seen in this place.
 G = Mean time per level.
                   A        B        C        D        E       F      G
               +--------+--------+--------+--------+--------+-----+--------+
         Total |   2546 |   2398 |    148 |      0 |   1989 |   3 |  848.7 |
       Dungeon |   2546 |   2398 |    148 |      0 |   1989 |   3 |  848.7 |
               +--------+--------+--------+--------+--------+-----+--------+

Top non-repeatable levels by time:
     D:1: 1415 daAuts
     D:2: 1108 daAuts
     D:3: 23 daAuts
